[Event "*** Titled Tuesday Blitz"]
[Site "Chess.com"]
[Date "2020.11.24"]
[Round "1"]
[White "Zmeeed63"]
[Black "Guachiney"]
[Result "0-1"]
[WhiteElo "2402"]
[BlackElo "2780"]
[TimeControl "180+1"]
[EndTime "10:22:58 PST"]
[Termination "Guachiney won on time"]

1. d4 Nf6 2. c4 g6 3. Nc3 d5 4.
Bf4 Bg7 5. e3 c5 6. dxc5 Ne4 7.
Nxe4 dxe4 8. Qxd8+ Kxd8 9. O-O-O+ Bd7 10. Ne2 Na6 11. c6 bxc6 12. Nd4 Kc8 13. Nb3 e5 14. Bg3 f5 15. f3 exf3 16. gxf3 Re8 17. h4 Bh6 18.
Bf2 Kc7 19. h5 g5 20. Be2 Be6 21. Bg3 f4 22. Bf2 g4 23. fxg4 f3 24. Bxf3 Rf8 25.
Rh3 e4 26. Bg3+ Kb6 27. Bxe4 Bxg4 28. c5+ Nxc5 29. Nxc5 Bxe3+ 30. Kb1 Bxc5 31. Rhh1 Bxd1 32. Rxd1 h6 33. Bg6 Rad8 34. Rxd8 Rxd8 35. Bf4 Rd1+ 36.
Kc2 Rh1 37. Bxh6 Bd4 38. Bf8 Rh2+ 39. Kd3 Bxb2 40. h6 Bc1 41. h7 Bb2 42. Kc4 Bh8 43. Bd3 Kb7 44. Bg6 Rh4+ 45. Kb3 Rg4 46. Bf5 Rg3+ 47.
Kc4 Rf3 0-1

[Event "*** Titled Tuesday Blitz"]
[Site "Chess.com"]
[Date "2020.11.24"]
[Round "1"]
[White "Barmen_EV"]
[Black "Rainmond"]
[Result "0-1"]
[WhiteElo "2400"]
[BlackElo "2769"]
[TimeControl "180+1"]
[EndTime "10:22:58 PST"]
[Termination "Rainmond won by checkmate"]

1. d4 g6 2. c4 Bg7 3. e4 e6 4. Nc3 Ne7 5. f4 d5 6. cxd5 exd5 7. e5 O-O 8. Nf3 f6 9. h4 Bg4 10. Be2 c5 11. dxc5 Qa5 12. Be3 Nbc6 13. Nd4 Bxe2 14. Qxe2 fxe5 15. Nxc6 Nxc6 16. fxe5 Bxe5 17. O-O-O Bxc3 18. bxc3 Qxc3+ 19. Kb1 Rae8 20. Rhe1 d4 21. Bd2 Rxe2 22. Bxc3 Rxe1 23. Bxe1 Rf1 24. Kc2 Rg1 25. g3 Kf7 26. Kd3 Ke6 27. Ke4 h5 28. Rc1 Ne5 29.
Rb1 d3 30. Ke3 Rg2 31. Bc3 Rxg3+ 32. Kf4 Rg4+ 33. Ke3 Nc6 34. Rxb7 Kd5 35. Bf6 Rg3+ 36. Kd2 Kc4 37. Rd7 Rg2+ 38. Ke3 Re2+ 39. Kf3 Re1 40.
Rd6 Rf1+ 41. Kg2 Rxf6 42. Rxf6 d2 43. Rd6 Nd4 44. c6 d1=Q 45. c7 Qg4+ 46. Kf1 Qf3+ 47.
Kg1 Ne2+ 48. Kh2 Qf2+ 49. Kh3 Ng1# 0-1

[Event "*** Titled Tuesday Blitz"]
[Site "Chess.com"]
[Date "2020.11.24"]
[Round "1"]
[White "manipun1"]
[Black "pastouche06"]
[Result "0-1"]
[WhiteElo "2244"]
[BlackElo "2545"]
[TimeControl "180+1"]
[EndTime "10:22:58 PST"]
[Termination "pastouche06 won by checkmate"]

1. e4 c6 2. d4 d5 3. Nc3 dxe4 4. Nxe4 Nf6 5. Ng3 h5 6. h4 c5 7.
Nf3 Bg4 8. Bb5+ Bd7 9. Be2 cxd4 10. Nxd4 Nc6 11. Bg5 Qb6 12. Nb3 Rd8 13. O-O Ng4 14. Qe1 f6 15. Bxg4 hxg4 16. Be3 Qc7 17. h5 e6 18. Bc5 Ne5 19. Bxf8 Kxf8 20. c3 Kf7 21. Nd4 g6 22. hxg6+ Nxg6 23. Qe3 Ne5 24. Rfe1 Rh7 25.
Rad1 Rdh8 26. Nde2 Bc6 27. Nd4 Bd5 28. b3 Ng6 29. c4 Rh1+ 30. Nxh1 Qh2+ 31. Kf1 Nf4 32.
Qxf4 Qxf4 33. Ng3 Bc6 34. Nxe6 Qh6 35. Nd4 Re8 36. Kg1 Rxe1+ 37. Rxe1 Qd2 38. Re2 Qd1+ 39. Kh2 Qxd4 40. Re3 Qf4 41. Kg1 f5 42. Nf1 Qg5 43. Re5 Kf6 44. Rc5 Qc1 45. g3 Qc2 46. b4 Qe4 47. b5 Qh1# 0-1

[Event "*** Titled Tuesday Blitz"]
[Site "Chess.com"]
[Date "2020.11.24"]
[Round "1"]
[White "zocpoc71"]
[Black "esteban062000"]
[Result "1-0"]
[WhiteElo "2522"]
[BlackElo "2168"]
[TimeControl "180+1"]
[EndTime "10:22:58 PST"]
[Termination "zocpoc71 won by checkmate"]

1. e4 c5 2. Nf3 g6 3. Nc3 Nc6 4. Bb5 Bg7 5. Bxc6 bxc6 6. d3 d6 7. h3 Nf6 8. O-O O-O 9. Bg5 Rb8 10. b3 Qa5 11. Qd2 Re8 12. Bxf6 Bxf6 13. Nd5 Qxd2 14. Nxf6+ exf6 15. Nxd2 d5 16. Rfe1 Ba6 17. f3 Kf8 18. Kf2 Re7 19. Re3 Rbe8 20. Rae1 d4 21.
R3e2 Kg7 22. f4 h6 23. g4 g5 24. Kg3 Kg6 25. Rf2 Kg7 26. Ref1 Re6 27. fxg5 hxg5 28. h4 gxh4+ 29. Kxh4 Rh8+ 30. Kg3 Rh6 31. Nf3 Bc8 32. Nh4 Re5 33. Nf5+ Bxf5 34. Rxf5 a6 35. a4 a5 36.
R1f2 Rg6 37. Rh2 Rh6 38. Rxh6 Kxh6 39. Rxf6+ Kg7 40. Rxc6 f6 41. Kf4 Rg5 42. Ra6 c4 43. bxc4 Rc5 44. Rd6 Rc7 45. Rxd4 Kg6 46. Rd5 Rb7 47. Rb5 Ra7 48. c5 Kg7 49. d4 Kg6 50.
d5 Rc7 51. c6 Rc8 52. Rxa5 Rc7 53. Rb5 Re7 54. d6 Re8 55. c7 Rc8 56. Rc5 Kf7 57. d7 Ra8 58. c8=Q Rxc8 59. dxc8=Q Kg6 60. Qg8+ Kh6 61.
g5+ fxg5+ 62. Qxg5+ Kh7 63. Rc7+ Kh8 64. Qg7# 1-0

[Event "*** Titled Tuesday Blitz"]
[Site "Chess.com"]
[Date "2020.11.24"]
[Round "1"]
[White "WildTricks"]
[Black "champ2005"]
[Result "0-1"]
[WhiteElo "2463"]
[BlackElo "3026"]
[TimeControl "180+1"]
[EndTime "10:23:00 PST"]
[Termination "champ2005 won by resignation"]

1. f4 d5 2. Nf3 Nf6 3. g3 g6 4. Bg2 Bg7 5. O-O O-O 6. d3 c5 7. Qe1 d4 8. Na3 Nc6 9. Bd2 Nd5 10. c4 Nf6 11. Nc2 Qc7 12. a3 b6 13. b4 Bb7 14. b5 Nb8 15. a4 a5 16. bxa6 Nxa6 17. Na3 Ng4 18. Nb5 Qd7 19. Rb1 Ne3 20. Bxe3 dxe3 21. Qc1 Nb4 22. Ne5 Bxe5 23. fxe5 Bxg2 24. Kxg2 Rxa4 25. Qxe3 Ra2 26. Rf2 Qe6 27. Rbf1 Nc6 28. Nc7 Qxe5 29. Qxe5 Nxe5 30. Nd5 Kg7 31. h3 e6 32. Nf6 h5 33. Ne4 Rd8 34. Ng5 Rd7 35. Nf3 Nxf3 36. Kxf3 Rb2 37. Ke3 b5 38. cxb5 Rxb5 39.
g4 h4 40. g5 c4 41. dxc4 Rxg5 42. Rf4 Rg3+ 43. R1f3 Rxf3+ 44. exf3 g5 45. Rg4 Kf6 46. c5 Rc7 47. Rc4 Ke5 48. c6 Kd6 49. Ke4 Rxc6 50. Rxc6+ Kxc6 51. Ke5 f5 52. Kxe6 g4 53. hxg4 fxg4 54.
fxg4 h3 55. g5 h2 56. g6 h1=Q 57. g7 Qd5+ 58. Ke7 Qg8 0-1

[Event "*** Titled Tuesday Blitz"]
[Site "Chess.com"]
[Date "2020.11.24"]
[Round "1"]
[White "Forantes"]
[Black "AvitalBor"]
[Result "1/2-1/2"]
[WhiteElo "2365"]
[BlackElo "2664"]
[TimeControl "180+1"]
[EndTime "10:23:01 PST"]
[Termination "Game drawn by agreement"]

1. Nf3 d5 2. g3 c5 3. Bg2 g6 4. O-O Bg7 5. d4 cxd4 6. Nxd4 e5 7. Nb3 Ne7 8. Nc3 d4 9. Ne4 f5 10. Ned2 O-O 11. Nf3 Nbc6 12. e3 dxe3 13. Bxe3 e4 14. Nfd4 Nxd4 15. Bxd4 Nc6 16. Bxg7 Kxg7 17. Qxd8 Rxd8 18.
Rad1 b6 19. Rxd8 Nxd8 20. f3 Ba6 21. Re1 Rc8 22. c3 exf3 23. Bxf3 Kf6 24. Nd4 Rc7 25. Kf2 Re7 26. Rxe7 Kxe7 27. Ke3 Kf6 28. a4 g5 29. b4 Ke5 30. b5 f4+ 31. gxf4+ gxf4+ 32.
Kd3 Bc8 33. c4 Bd7 34. Be4 h6 35. Nf3+ Kd6 36. Bd5 Bf5+ 37. Kd4 Bc2 38. a5 bxa5 39. c5+ Kc7 40. Ke5 a4 41. Nd4 Bb1 42. Ne2 f3 43. Bxf3 a3 44. Bd5 a2 45. Bxa2 Bxa2 46. Nc3 Bc4 47.
Kd4 Bf1 48. Nd5+ Kb7 49. c6+ Kc8 50. Kc5 Ne6+ 51. Kd6 Bxb5 52. Kxe6 Bc4 53. Kd6 Bxd5 54. Kxd5 Kc7 55. Kc5 h5 56. h4 a6 57. Kd5 a5 58. Kc5 a4 59. Kb4 Kxc6 60. Kxa4 Kd5 61. Kb3 Ke4 62. Kc2 Kf3 63. Kd1 Kg3 64. Ke1 Kxh4 65.
Kf1 Kg3 66. Kg1 1/2-1/2

[Event "*** Titled Tuesday Blitz"]
[Site "Chess.com"]
[Date "2020.11.24"]
[Round "1"]
[White "Sebastian"]
[Black "Rital44"]
[Result "1-0"]
[WhiteElo "2906"]
[BlackElo "2445"]
[TimeControl "180+1"]
[EndTime "10:23:02 PST"]
[Termination "Sebastian won on time"]

1. e4 e5 2. Nf3 Nc6 3. Bb5 a6 4. Ba4 d6 5. O-O Bg4 6. h3 h5 7. d4 b5 8. Bb3 Nxd4 9. hxg4 hxg4 10. Ng5 Nxb3 11. axb3 Qd7 12. f4 c6 13. Be3 f6 14. fxe5 fxg5 15. Nc3 Nh6 16. Ne2 dxe5 17. Ng3 Be7 18. Nf5 Nxf5 19. Rxf5 Qxd1+ 20. Rxd1 Bf6 21. Bxg5 O-O 22. Bxf6 gxf6 23. Rd6 Rad8 24. Rxc6 g3 25. Rc3 Rd4 26. Rxg3+ Kf7 27. Re3 Ke6 28. Rf2 Rd1+ 29. Kh2 Rh8+ 30. Kg3 Rg8+ 31. Kf3 Rb1 32. Rc3 Rxb2 33.
Rc6+ Kf7 34. Rxa6 Rh8 35. Ke3 Rh6 36. Rb6 Rb1 37. Rxb5 Re1+ 38. Re2 Rf1 39. Rb6 Rh4 40. Rc6 Rg4 41. b4 Rg3+ 42. Kd2 Rb1 43. Rb6 Kg6 44. Rf2 Kg5 45. Rbxf6 Rxb4 46. R2f5+ Kh4 47. Rh6+ Kg4 48. Rg6+ Kh4 49. Rxg3 Kxg3 50. Rxe5 Kxg2 51. Kc3 Kf3 52. Kxb4 1-0

[Event "*** Titled Tuesday Blitz"]
[Site "Chess.com"]
[Date "2020.11.24"]
[Round "1"]
[White "Deepweb2020"]
[Black "Sanyura"]
[Result "1-0"]
[WhiteElo "2253"]
[BlackElo "2523"]
[TimeControl "180+1"]
[EndTime "10:23:03 PST"]
[Termination "Deepweb2020 won by checkmate"]

1. d4 Nf6 2. c4 b6 3. Nf3 Bb7 4. g3 g6 5. Bg2 Bg7 6. O-O O-O 7. b3 d5 8. cxd5 Nxd5 9. Bb2 c5 10.
Qd2 Nc6 11. dxc5 Bxb2 12. Qxb2 bxc5 13. Na3 e6 14. Rac1 Qe7 15. Rfd1 Rfd8 16. Ne5 Nxe5 17. Qxe5 Rd7 18. Nc4 Rad8 19. Qb2 f6 20. Rd2 Nb4 21. Rcd1 Bxg2 22. Kxg2 e5 23. a3 Nc6 24. Rxd7 Rxd7 25.
Rxd7 Qxd7 26. e3 Qd5+ 27. Kg1 Qd3 28. Qd2 Qxb3 29. Qd5+ Kg7 30. Qxc5 Qb1+ 31. Kg2 Qe4+ 32. Kg1 h5 33. h4 g5 34. hxg5 h4 35. gxf6+ Kg6 36.
gxh4 Qg4+ 37. Kf1 Qd1+ 38. Kg2 Qg4+ 39. Kh2 Qxh4+ 40. Kg2 Qg4+ 41. Kh2 Qf3 42. Qxc6 Qxf2+ 43. Qg2+ Qxg2+ 44. Kxg2 Kxf6 45. Kf3 Kf5 46. e4+ Ke6 47. Ke3 Kd7 48. Nxe5+ Kd6 49. Nd3 Kc6 50. Kd4 Kb5 51. e5 Kc6 52. e6 Kd6 53. Nf4 Kc6 54. Ke5 Kc7 55. Kf6 Kd8 56. e7+ Ke8 57. Ke6 a5 58.
Nd5 a4 59. Nf6# 1-0

[Event "*** Titled Tuesday Blitz"]
[Site "Chess.com"]
[Date "2020.11.24"]
[Round "1"]
[White "MarkoPe"]
[Black "Chess_Boxer123"]
[Result "0-1"]
[WhiteElo "2194"]
[BlackElo "2527"]
[TimeControl "180+1"]
[EndTime "10:23:04 PST"]
[Termination "Chess_Boxer123 won by resignation"]

1. e4 c6 2. d4 d5 3. exd5 cxd5 4. Bd3 Nc6 5. c3 Nf6 6. Bf4 e6 7. Nf3 Bd6 8. Bg5 h6 9. Be3 O-O 10. O-O e5 11. dxe5 Nxe5 12. Nxe5 Bxe5 13. h3 Kh8 14. Bc2 b6 15. Nd2 Ba6 16. Re1 d4 17. Bxh6 dxc3 18. Rxe5 cxb2 19. Bxg7+ Kxg7 20. Rb1 Qd4 21. Rg5+ Kh6 22.
Rg3 Rg8 23. Rf3 Rad8 24. Qe1 Bb7 25. Qe3+ Qxe3 26. fxe3 Bxf3 27. Nxf3 Nd5 28. Rxb2 Nxe3 29. Bb3 Rd3 30. Ne5 Rc3 31. Nxf7+ Kg7 32. Ne5 Re8 33. Nf3 Nc4 34. Bxc4 Rxc4 35. Kh2 Ra4 36. Kg3 Re3 37. h4 Rea3 38. Re2 Rxa2 39. Re7+ Kf6 40. Rb7 Rb2 41. h5 Raa2 42. Nh4 Kg5 43. Nf3+ Kxh5 44. Rh7+ Kg6 45. Rb7 Rxg2+ 46. Kf4 Rgb2 47. Nh4+ Kf6 48. Nf3 Rb4+ 49. Kg3 Ra3 50. Kf2 Rb2+ 51. Kg3 Rbb3 52. Kg4 Rxf3 0-1

[Event "*** Titled Tuesday Blitz"]
[Site "Chess.com"]
[Date "2020.11.24"]
[Round "1"]
[White "DenishevM"]
[Black "Mikasinski"]
[Result "1-0"]
[WhiteElo "2617"]
[BlackElo "2327"]
[TimeControl "180+1"]
[EndTime "10:23:07 PST"]
[Termination "DenishevM won by resignation"]

1. d4 Nf6 2. c4 g6 3. Nc3 Bg7 4. Nf3 d6 5. e4 O-O 6. h3 e5 7. d5 Na6 8. Be3 Nc5 9. Nd2 a5 10.
g4 a4 11. Be2 c6 12. Qc2 Qa5 13. a3 Bd7 14. O-O-O cxd5 15. cxd5 b5 16. Kb1 Rfc8 17. g5 Nfxe4 18. Ncxe4 Nxe4 19. Qd3 Nc5 20. Bxc5 dxc5 21.
Ka2 c4 22. Qc3 Qxc3 23. bxc3 Bf5 24. Bf3 Ra6 25. Ne4 Rd8 26. Rd2 Bf8 27. h4 h5 28.
Re1 Kg7 29. Nf6 Bd6 30. Be4 Be7 31. Bxf5 Bxf6 32. gxf6+ Rxf6 33. Be4 Rf4 34. f3 Rxh4 35. d6 Rf4 36. d7 Rf6 37. Bb7 Kf8 38. Rxe5 h4 39.
Bc8 Rxf3 40. Rde2 Kg7 41. Re8 Rxd7 42. Bxd7 Rd3 43. Bc8 Rxc3 44. R8e4 h3 45. R4e3 h2 46. Bb7 Rxe3 47. Rxe3 Kf6 48. Rh3 Ke5 49. Bc6 f5 50. Bxb5 c3 51. Rxh2 Kf4 52. Bxa4 g5 53.
Rh8 g4 54. Bc2 g3 55. Rf8 g2 56. Rg8 Kf3 57. Bxf5 Kf2 58. a4 g1=Q 59. Rxg1 Kxg1 60. Bc2 Kf2 61. a5 Ke3 62. a6 Kd4 63. a7 Kc5 64.
a8=Q 1-0

[Event "*** Titled Tuesday Blitz"]
[Site "Chess.com"]
[Date "2020.11.24"]
[Round "1"]
[White "verdest"]
[Black "dpopadic"]
[Result "1/2-1/2"]
[WhiteElo "2616"]
[BlackElo "2339"]
[TimeControl "180+1"]
[EndTime "10:23:08 PST"]
[Termination "Game drawn by repetition"]

1. d4 Nf6 2. c4 g6 3. Nf3 Bg7 4. g3 d6 5. Bg2 O-O 6. O-O Nbd7 7.
Nc3 e5 8. e4 exd4 9. Nxd4 Re8 10. h3 a6 11. Re1 Rb8 12. Be3 c5 13. Nb3 Ne5 14. Qe2 Be6 15. Nd5 Bxd5 16. cxd5 b5 17. Nd2 c4 18. Red1 Rc8 19. Rab1 Qa5 20. a3 Nfd7 21. Bd4 Nc5 22. Bc3 Qd8 23. Kh1 Ned3 24. Bxg7 Kxg7 25. Qe3 Qf6 26. Kg1 Nxb2 27. Rf1 Nbd3 28.
f4 c3 29. e5 dxe5 30. Ne4 Nxe4 31. Bxe4 Nc5 32. f5 Nxe4 33. Qxe4 Qb6+ 34. Kh1 Qd4 35. f6+ Kh8 36. Qf3 c2 37. Rbc1 a5 38. Rf2 e4 39.
Qf4 Qxd5 40. Qh6 e3+ 41. Kh2 Rg8 42. Rfxc2 Rxc2+ 43. Rxc2 Qe5 44. Rc8 Qxf6 45. Rxg8+ Kxg8 46. Qxe3 Qb2+ 47. Kh1 a4 48. Qe8+ Kg7 49. Qe7 Qb1+ 50. Kh2 Qb2+ 51. Kh1 Qb1+ 52. Kh2 Qb2+ 53. Kh1 1/2-1/2

[Event "*** Titled Tuesday Blitz"]
[Site "Chess.com"]
[Date "2020.11.24"]
[Round "1"]
[White "quesfr"]
[Black "26andrej26"]
[Result "0-1"]
[WhiteElo "2221"]
[BlackElo "2531"]
[TimeControl "180+1"]
[EndTime "10:23:08 PST"]
[Termination "26andrej26 won on time"]

1. e4 c5 2. Nf3 d6 3. Bb5+ Nd7 4.
c3 Nf6 5. e5 dxe5 6. Nxe5 a6 7.
Bxd7+ Nxd7 8. d4 Nxe5 9. dxe5 Qxd1+ 10. Kxd1 Bf5 11. Be3 e6 12. Ke2 O-O-O 13. Rd1 Rxd1 14. Kxd1 Be7 15. Nd2 Rd8 16. Ke2 Bd3+ 17. Ke1 Rd5 18. f4 f6 19. exf6 gxf6 20. Nb3 e5 21. Rd1 c4 22. Nc1 e4 23. Ne2 b5 24. Nd4 a5 25.
a3 b4 26. axb4 axb4 27. Ra1 bxc3 28. bxc3 Kb7 29. g4 Bc5 30. Kf2 h5 31. h3 hxg4 32.
hxg4 Rd8 33. Ra5 Bxd4 34. Bxd4 Rg8 35. Kg3 Be2 36. g5 fxg5 37. fxg5 Bh5 38. Kf4 Bg6 39. Rc5 Rc8 40. Rb5+ Ka8 41. Rb6 Rf8+ 42. Bf6 Re8 43. Ke3 Bf5 44. Rc6 Be6 45. g6 Bg8 46. g7 Kb7 47. Rc5 Re6 48. Bd4 Re7 49. Rh5 Re8 50. Bc5 Kc6 51. Bf8 Rd8 52. Kxe4 Rd3 53. Rh8 Bd5+ 0-1

[Event "*** Titled Tuesday Blitz"]
[Site "Chess.com"]
[Date "2020.11.24"]
[Round "1"]
[White "mapleaff"]
[Black "Alexander_Kachko"]
[Result "1-0"]
[WhiteElo "2423"]
[BlackElo "2770"]
[TimeControl "180+1"]
[EndTime "10:23:10 PST"]
[Termination "mapleaff won on time"]

1. d4 Nc6 2. Nf3 d6 3. e4 g6 4. Be3 Bg7 5. h3 Bd7 6. Qd2 e5 7. d5 Nce7 8. c4 h6 9. Nc3 f5 10. Qc2 Nf6 11. Bd3 f4 12. Bd2 O-O 13. O-O-O c6 14. c5 Nh5 15. cxd6 Nc8 16. dxc6 bxc6 17. Na4 Nb6 18. Nc5 Kh7 19. Bc3 Re8 20. Na6 Rc8 21. Nc7 Rxc7 22. dxc7 Qxc7 23. Nd2 Be6 24. Ba5 c5 25.
Bc4 Bc8 26. Bb5 Nf6 27. Bxe8 Nxe8 28. Nc4 Nf6 29. Rd6 f3 30. gxf3 Nh5 31. Rhd1 Qf7 32. Bxb6 axb6 33. Nxb6 Bxh3 34. Kb1 Qxf3 35. Rd7 Bxd7 36.
Rxd7 Nf6 37. Rd1 Nxe4 38. Nc4 h5 39. Re1 Ng5 40. a3 Qf4 41. Ne3 h4 42. Nc4 h3 43. f3 Nxf3 44. Rh1 Qg3 45. Qe4 Bh6 46. Rf1 h2 47. Rh1 Qg2 48. Rc1 h1=Q 49. Qb7+ Bg7 50. Qxg7+ 1-0

[Event "*** Titled Tuesday Blitz"]
[Site "Chess.com"]
[Date "2020.11.24"]
[Round "1"]
[White "Eliwood44"]
[Black "Paralinch"]
[Result "1-0"]
[WhiteElo "2449"]
[BlackElo "2846"]
[TimeControl "180+1"]
[EndTime "10:23:12 PST"]
[Termination "Eliwood44 won by resignation"]

1. d4 Nf6 2. Nf3 d5 3. c4 dxc4 4. e3 e6 5. Bxc4 c5 6. O-O a6 7. Be2 cxd4 8. Nxd4 Bd6 9. Nc3 O-O 10. Bf3 e5 11.
Nb3 Nc6 12. e4 h6 13. Nd5 Nxd5 14. exd5 Ne7 15. Nd2 b5 16. Ne4 f5 17. Nxd6 Qxd6 18. g3 Bb7 19. Re1 e4 20. Bg2 Qxd5 21. Bd2 Qf7 22.
Bb4 Rfd8 23. Qe2 Nc6 24. Bc5 Nd4 25. Bxd4 Rxd4 26. Red1 Rad8 27. Rxd4 Rxd4 28. Qe3 Qd7 29. Bh3 Rd1+ 30. Rxd1 Qxd1+ 31. Kg2 Qf3+ 32. Qxf3 exf3+ 33. Kf1 Be4 34. Ke1 Kf7 35. Kd2 Kf6 36. Ke3 Ke5 37.
Bf1 g5 38. a4 Bc6 39. Bd3 f4+ 40. gxf4+ gxf4+ 41. Kd2 bxa4 42. Bxa6 Kd4 43. Bd3 Bd7 44. Ba6 Bc6 45. Bd3 Be8 46. Ba6 Bd7 47. Bd3 Ke5 48. Ba6 Kf5 49. Bb7 Kg4 50. Kd3 Bb5+ 51. Kd4 Be2 52.
Bc8+ Kh4 53. Bd7 Bf1 54. Ke4 Bh3 55. Bxa4 Bg4 56. Kxf4 Kh3 57. Bc6 Bc8 58. Bxf3 Kxh2 59.
b4 Bd7 60. Bg4 Bb5 61. Ke5 Kg2 62. f4 Kg3 63. Bc8 h5 64. f5 h4 65. f6 Bc4 66. b5 Bxb5 67. f7 Ba6 1-0

[Event "*** Titled Tuesday Blitz"]
[Site "Chess.com"]
[Date "2020.11.24"]
[Round "1"]
[White "sofaceindisguise"]
[Black "FMAntonio"]
[Result "1-0"]
[WhiteElo "2708"]
[BlackElo "2373"]
[TimeControl "180+1"]
[EndTime "10:23:13 PST"]
[Termination "sofaceindisguise won on time"]

1. e4 e5 2. Nf3 Nf6 3. Nc3 Nc6 4. a3 d5 5. Bb5 d4 6. Ne2 Bd6 7. Ng3 g6 8. d3 Bd7 9. O-O O-O 10. Bh6 Re8 11.
h3 a6 12. Bc4 Qe7 13. Ng5 Nd8 14. Ne2 Nh5 15. f4 exf4 16. Nxd4 Qf6 17. c3 b5 18. Ba2 Ng3 19. Rf2 c5 20. Ndf3 Bf8 21. Bxf8 Rxf8 22. Qd2 h6 23. e5 Qf5 24. Ne4 c4 25. Nxg3 fxg3 26. Rff1 cxd3 27. Qxh6 Qh5 28. Qf4 Be6 29.
Bxe6 Nxe6 30. Qxg3 Rad8 31. Rad1 Qh6 32. h4 Qe3+ 33.
Kh2 Kg7 34. Nd2 Qxg3+ 35. Kxg3 Rd5 36. Rde1 Nc5 37. Rf3 Re8 38. Ref1 Re7 39. b4 Na4 40. c4 bxc4 41. Nxc4 d2 42. Rd1 a5 43. bxa5 Rc7 44. Rxd2 Rdc5 45. Nd6 Rxe5 46. a6 Rce7 47. Rd4 Ra5 48.
Nc8 f6 49. Nxe7 Rxa6 50. Rd7 Kh6 51. Ng8+ 1-0

[Event "*** Titled Tuesday Blitz"]
[Site "Chess.com"]
[Date "2020.11.24"]
[Round "1"]
[White "CakeinSpace2002"]
[Black "tdf98pantani"]
[Result "1/2-1/2"]
[WhiteElo "2387"]
[BlackElo "2716"]
[TimeControl "180+1"]
[EndTime "10:23:14 PST"]
[Termination "Game drawn by repetition"]

1. d4 Nf6 2. c4 e6 3. Nc3 Bb4 4. e3 c5 5. Nf3 O-O 6. Bd3 Bxc3+ 7. bxc3 d6 8. O-O Nc6 9. e4 e5 10. Re1 h6 11. Bb2 b6 12. Qa4 Bd7 13. Qc2 Rc8 14.
Rad1 Qe7 15. d5 Na5 16. Nh4 Nh5 17. g3 g6 18. Bc1 Kh7 19. Qd2 g5 20. Nf5 Bxf5 21.
exf5 Nf6 22. f4 gxf4 23. gxf4 e4 24. Kh1 Rg8 25. Be2 Ng4 26. Bxg4 Rxg4 27. Qe2 Rcg8 28. Rg1 Qh4 29. Rxg4 Rxg4 30. Qxe4 Qf6 31. Rg1 Rxg1+ 32.
Kxg1 Kg7 33. Bd2 Kf8 34. Kf2 Qe7 35. Qd3 Qh4+ 36. Kg2 Qg4+ 37. Kf2 Qd1 38. f6 Nxc4 39. Qxc4 Qxd2+ 40. Kg3 Qe1+ 41. Kf3 Qh1+ 42. Kg3 Qg1+ 43.
Kf3 Qxh2 44. Qa6 Qh3+ 45. Kf2 Qh4+ 46. Kf3 Qxf6 47. Qxa7 Qxc3+ 48. Kg4 Kg7 49. Qxb6 Qf6 50. a4 Qg6+ 51. Kf3 Qd3+ 52. Kg4 Qxd5 53. a5 Qg2+ 54. Kh4 f5 55. Qc7+ Kh8 56. Qd8+ Kg7 57. Qe7+ Kg8 58.
Qe8+ Kg7 59. Qe7+ Kg6 60. Qe8+ Kg7 61. Qe7+ 1/2-1/2

[Event "*** Titled Tuesday Blitz"]
[Site "Chess.com"]
[Date "2020.11.24"]
[Round "1"]
[White "zala02"]
[Black "amiralfio"]
[Result "1-0"]
[WhiteElo "2152"]
[BlackElo "2498"]
[TimeControl "180+1"]
[EndTime "10:23:14 PST"]
[Termination "zala02 won by resignation"]

1. d4 Nf6 2. c4 e6 3. Nc3 d5 4. cxd5 exd5 5. Bg5 Be7 6. e3 c6 7. Bd3 Nbd7 8. Nge2 O-O 9. O-O Nh5 10. Bxe7 Qxe7 11.
Qd2 Ndf6 12. Rae1 Re8 13. Nc1 Bd7 14. f3 g6 15. e4 dxe4 16. fxe4 c5 17. e5 Ng4 18. h3 cxd4 19. Nd5 Qc5 20. hxg4 Qxd5 21. gxh5 Rxe5 22. Rxe5 Qxe5 23. hxg6 hxg6 24. Qf4 Qxf4 25. Rxf4 Be6 26. Rxd4 Rc8 27. Nb3 Kg7 28. Kf2 Kf6 29.
Ke3 Rh8 30. Be4 b6 31. Bf3 Rc8 32. Kd2 Bf5 33. Be4 Be6 34. Bd3 Ke5 35. Re4+ Kf6 36. Rf4+ Ke5 37. Re4+ Kf6 38. Nd4 Bxa2 39. b3 Rd8 40.
Kc3 Kg5 41. Re2 Rc8+ 42. Kb2 Rd8 43. Re4 f5 44. Ne6+ Kf6 45. Nxd8 fxe4 46. Bxe4 Ke5 47. Bf3 g5 48. Kxa2 Kf4 49. Ne6+ Kf5 50. Nd4+ Ke5 51. Nc6+ Kf4 52. Nxa7 g4 53. Bc6 Ke3 54. Ka3 Kd4 55.
Kb4 1-0

[Event "*** Titled Tuesday Blitz"]
[Site "Chess.com"]
[Date "2020.11.24"]
[Round "1"]
[White "MrTattaglia"]
[Black "zmeeed67"]
[Result "1-0"]
[WhiteElo "2816"]
[BlackElo "2420"]
[TimeControl "180+1"]
[EndTime "10:23:17 PST"]
[Termination "MrTattaglia won by resignation"]

1. Nf3 Nc6 2. d4 d6 3. e4 Nf6 4. Nc3 Bg4 5. Be2 e5 6. d5 Ne7 7.
Ng1 Bd7 8. h4 h6 9. Be3 a6 10.
Qd2 Ng6 11. h5 Ne7 12. O-O-O Neg8 13. Kb1 Be7 14. g3 Ng4 15. Bxg4 Bxg4 16. f3 Bd7 17. f4 Nf6 18. Nf3 Ng4 19. fxe5 Nxe5 20. Nxe5 dxe5 21. Qe2 Qc8 22. Qf2 O-O 23. Bc5 Bd6 24. Rde1 Qd8 25. Be3 Be7 26. g4 Bg5 27. Qg3 Bxe3 28. Rxe3 f6 29. Rd1 Qe7 30. Ne2 Rfd8 31. Rb3 b5 32.
Rc3 Rac8 33. a3 c5 34. Ng1 c4 35. Nf3 Qd6 36. Nh4 a5 37. Nf5 Bxf5 38. gxf5 b4 39.
Rf3 c3 40. b3 bxa3 41. Rxc3 a4 42. Ka2 axb3+ 43. cxb3 Qb4 44. Rg1 Qb7 45. Rgc1 Rxc3 46.
Qxc3 Qa6 47. Qc4 Qb6 48. Qc7 Qf2+ 49. Rc2 Qxc2+ 50. Qxc2 Kh7 51. b4 Rb8 52. Kxa3 Rb5 53. Kb3 Rb7 54. Qc4 Ra7 55. b5 Ra1 56. Kb4 Rb1+ 57. Kc5 Rh1 58. b6 Rxh5 59. d6 Rh1 60.
d7 Rd1 61. Qd5 Rxd5+ 62. Kxd5 h5 63. d8=Q 1-0

[Event "*** Titled Tuesday Blitz"]
[Site "Chess.com"]
[Date "2020.11.24"]
[Round "1"]
[White "nitpicker"]
[Black "azikom"]
[Result "0-1"]
[WhiteElo "2274"]
[BlackElo "2566"]
[TimeControl "180+1"]
[EndTime "10:23:17 PST"]
[Termination "azikom won on time"]

1. d4 d5 2. c4 e6 3. Nf3 a6 4. cxd5 exd5 5. Nc3 c6 6. Bf4 Bf5 7. e3 Nd7 8. Bd3 Bg6 9. O-O Ngf6 10. Ne5 Nxe5 11.
Bxe5 Be7 12. f4 Bxd3 13. Qxd3 O-O 14. Rf3 Re8 15. Rh3 h6 16. f5 Bd6 17. Bxd6 Qxd6 18. a3 Re7 19. Re1 Rae8 20. Rf3 a5 21. h3 b5 22. g4 Ne4 23. h4 b4 24. Na4 c5 25. Nxc5 Nxc5 26. dxc5 Qxc5 27. Kf2 Re4 28. Rg3 Qd6 29. Rd1 d4 30. exd4 bxa3 31. bxa3 Qf4+ 32. Qf3 Re2+ 33. Kg1 Re1+ 34. Rxe1 Rxe1+ 35. Kg2 Qc1 36. Qf2 Rd1 37. Re3 Kh7 38. f6 g6 39. h5 Rd2 40. Re2 Qc6+ 41. Kg3 Qd6+ 42.
Kg2 Qd5+ 43. Kg3 Rd3+ 44. Kh2 Rxd4 45. hxg6+ Kxg6 46. Qf5+ Qxf5 47. gxf5+ Kxf6 48. Rb2 Ra4 49. Rb3 Kxf5 50. Rf3+ Kg6 51. Kh3 f5 52. Kg3 Kg5 53. Kh3 h5 54. Rb3 h4 55. Rc3 Re4 56. Rb3 a4 57.
Rc3 Rd4 58. Re3 Rf4 59. Rc3 Kf6 60. Rc6+ Ke5 61. Rc5+ Kd4 62. Rc8 Kd3 63. Rd8+ Rd4 64.
Rf8 Ke4 65. Re8+ Kd3 66. Rf8 Rf4 67. Rc8 Rc4 68. Rf8 f4 69. Kxh4 Kc2 70. Kg4 Kb3 71.
Kf3 Kxa3 72. Rb8 Ka2 73. Rb7 a3 74. Rb8 Ka1 0-1

[Event "*** Titled Tuesday Blitz"]
[Site "Chess.com"]
[Date "2020.11.24"]
[Round "1"]
[White "IsuruAlahakoon"]
[Black "Tpros"]
[Result "1-0"]
[WhiteElo "2369"]
[BlackElo "2595"]
[TimeControl "180+1"]
[EndTime "10:23:18 PST"]
[Termination "IsuruAlahakoon won on time"]

1. Nf3 Nf6 2. d4 g6 3. Bg5 Bg7 4. Nbd2 h6 5. Bh4 d6 6. e4 g5 7. Bg3 Nh5 8. c3 e6 9. Bd3 f5 10. exf5 exf5 11. Qe2+ Qe7 12. Qxe7+ Kxe7 13. h3 Nc6 14.
O-O-O Bd7 15. Rde1+ Kf8 16. Bh2 Re8 17. g4 fxg4 18.
hxg4 Rxe1+ 19. Rxe1 Bxg4 20. d5 Ne7 21. c4 b6 22. Ng1 Bf5 23. Be2 Nf6 24. Nb3 Ng4 25.
Bg3 Kf7 26. Nf3 Re8 27. Nbd4 Bd7 28. Ne6 Bxe6 29. dxe6+ Kg6 30. Nxg5 Kxg5 31. f4+ Kg6 32. Bxg4 Bd4 33. Kc2 Nf5 34. Bh2 h5 35. Bh3 Kf6 36.
Re4 c5 37. Re2 Rxe6 38. Rxe6+ Kxe6 39. b3 Kf6 40. Kd3 Bf2 41. Ke4 Ne7 42. f5 h4 43.
Bxd6 Bg3 44. Bxe7+ Kxe7 45. Kd5 Bf4 46. Kc6 Bd2 47. Kb7 Ba5 48. Kxa7 Kf6 49. Ka6 Ke7 50. a3 Kf6 51. Kb5 Bc3 52. Kxb6 Bb2 53. b4 Bxa3 54. bxc5 Ke7 55. c6 Bd6 56. c7 1-0